cohdb
Replays
Latest Replays
All Replays
Popular Replays
Top Player Replays
Match Explorer
How It Works
Community
CoH3 Stats
Reddit
Sign in to upload your games and track your stats! →
Sign in with Steam
Match 45114212
Unlisted
Match 45114212
Overview
Messages
Build Orders
End
Pioneer Squad
Construct Infanterie Kompanie
Grenadier Squad
Selects Breakthrough Battlegroup
Selects Assault Grenadiers
Grenadier Squad
Grenadier Squad
Selects Rapid Production
Medical Station
Construct Luftwaffe Kompanie
221 Scout Car
Flak 30 Anti-aircraft Gun Team
Selects Breakthrough
Breakthrough
Support Elements
Wirbelwind Flakpanzer
SirAMovesALot
JULIUS
0
0
Comments
sign in to comment!
No comments posted yet!